 Dungeon Crawl Stone Soup version 0.28-a0-1038-g9c4cb8273d (webtiles) character file.

Game seed: 1952958350554389749

52 EPluribusUnum the Poker (level 3, -1/27 HPs)
             Began as a Demonspawn Gladiator on Dec 8, 2021.
             Slain by a kobold (5 damage)
             ... on level 2 of the Dungeon.
             The game lasted 00:02:54 (1499 turns).

EPluribusUnum the Poker (Demonspawn Gladiator)      Turns: 1499, Time: 00:02:55

Health: -1/27      AC:  4    Str: 16    XL:     3   Next: 60%
Magic:  3/3        EV: 12    Int:  9    God:
Gold:   52         SH:  0    Dex: 14    Spells: 2/2 levels left

rFire   . . .      SeeInvis .   a - +0 trident
rCold   . . .      Faith    .   (no shield)
rNeg    . . .      Spirit   .   b - +0 leather armour
rPois   .          Reflect  .   c - +0 helmet
rElec   .          Harm     .   (no cloak)
rCorr   .          Rampage  .   (no gloves)
Will    .....                   (no boots)
Stlth   +.........              (no amulet)
HPRegen 0.09/turn               (no ring)
MPRegen 0.08/turn               (no ring)

@: no status effects
A: powered by pain 1
a: no special abilities


You were on level 2 of the Dungeon.
You visited 1 branch of the dungeon, and saw 2 of its levels.

You collected 52 gold pieces.

Inventory:

Hand Weapons
 a - a +0 trident (weapon)
Missiles
 d - 3 throwing nets (quivered)
Armour
 b - a +0 leather armour (worn)
 c - a +0 helmet (worn)
Scrolls
 h - a scroll of fog {unknown}
 j - a scroll of enchant armour {unknown}
Potions
 e - 2 potions of curing
 f - a potion of flight {unknown}
 g - a potion of lignification {unknown}
 i - a potion of might {unknown}


   Skills:
 + Level 2.3 Fighting
 + Level 3.6 Polearms
 - Level 1.8 Throwing
 + Level 3.1 Dodging


You had 2 spell levels left.
You didn't know any spells.
Your spell library was empty.

Dungeon Overview and Level Annotations

Branches:
Dungeon (2/15)

Altars:

Shops:
D:1 (


Innate Abilities, Weirdness & Mutations

You sometimes gain a little power by taking damage.


Message History

The adder is almost dead.
You feel sick. The adder bites you.
* * * LOW HITPOINT WARNING * * *
Okay, then.
You closely miss the adder.
The adder is almost dead.
You feel sick. The adder closely misses you. The adder bites you.
* * * LOW HITPOINT WARNING * * *
You puncture the adder!
You kill the adder!
You feel sick.
You feel better. The kobold hits you but does no damage.
The kobold throws a stone.
The stone misses you.
The kobold throws a stone.
The stone barely misses you.
The kobold throws a stone.
The stone hits you but does no damage.
The kobold throws a stone.
The stone barely misses you.
The kobold throws a stone.
The stone closely misses you.
There is a stone staircase leading up here.
You start resting.
A kobold is nearby!
You barely miss the kobold.
The kobold hits you with a +0 short sword.
You hit the kobold.
The kobold is severely wounded.
The kobold hits you but does no damage. The kobold closely misses you.
You closely miss the kobold.
The kobold is severely wounded.
The kobold hits you with a +0 short sword.
* * * LOW HITPOINT WARNING * * *
You barely miss the kobold.
The kobold is severely wounded.
The kobold hits you but does no damage.
You completely miss the kobold.
The kobold is severely wounded.
The kobold hits you with a +0 short sword.
* * * LOW HITPOINT WARNING * * *
You miss the kobold.
The kobold is severely wounded.
The kobold hits you with a +0 short sword.
You die...

..b...<..#.##.....#
#.##.#
.........#K#......#
#.##.#
.r.......#.......#######
#.#..#
.........##.............
#.#.###
####....[##.#+##.#######
#......
#.....##...##.#####
#####.###
+...............#<#
#.....# ###.#.#K#)#.##
#.##### ...#@.....# #.#
##. #.#.#รท.# #.# ..
#...#..# #.# ..
#...#..###.# ...
#..........#
#.#.#.#.#####
....#.......#
.......#.#####
#.........


You could see a kobold.

Vanquished Creatures
  2 adders (D:2)
  2 dart slugs
  4 ball pythons
  2 endoplasms (D:1)
  A giant cockroach (D:1)
  6 goblins
  2 jackals (D:1)
  A quokka (D:1)
  3 bats
  3 frilled lizards (D:1)
  3 kobolds
29 creatures vanquished.

Notes
Turn   | Place    | Note
-------+----------+-------------------------------------------
     0 | D:1      | EPluribusUnum the Demonspawn Gladiator began the quest for
                  | the Orb.
     0 | D:1      | Reached XP level 1. HP: 16/16 MP: 1/1
   484 | D:1      | Gained mutation: You sometimes gain a little power by
                  | taking damage. [demonic ancestry]
   484 | D:1      | Reached XP level 2. HP: 19/22 MP: 2/2
   662 | D:1      | Found a faded altar of an unknown god.
   975 | D:1      | Found Zeudidd's Antique Weapon Emporium.
  1115 | D:2      | Reached XP level 3. HP: 10/27 MP: 3/3
  1499 | D:2      | Slain by a kobold

Illustrated notes

Levels and vault maps discovered:
D:1:      minmay_arrival_checkered_box, layout_basic,
          hellmonk_ecumenical_altar_blasted, serial_shops, nicolae_shop_trees
D:2:      layout_basic, kennysheep_jessica_study

Skill      XL: |  1  2 |
---------------+-------+-----
Polearms       | 3 |  3.6
Dodging        | 3 |  3.1
Fighting       | |  2.3
Throwing       | |  1.8

Action                   || total
-------------------------++-------
Melee: Trident           ||   105
  Use: Potion            ||     2
 Stab: Sleeping          ||     1
Armor: Leather armour    ||    34
Dodge: Dodged            ||    83

Table legend: (Time is in decaauts)
 A = Elapsed time spent in this place.
 B = Non-inter-level travel time spent in this place.
 C = Inter-level travel time spent in this place.
 D = Time resting spent in this place.
 E = Time spent auto-exploring this place.
 F = Levels seen in this place.
 G = Mean time per level.
                   A        B        C        D        E       F      G
               +--------+--------+--------+--------+--------+-----+--------+
         Total |   1514 |   1502 |     12 |    442 |    726 |   2 |  757.0 |
       Dungeon |   1514 |   1502 |     12 |    442 |    726 |   2 |  757.0 |
               +--------+--------+--------+--------+--------+-----+--------+

Top non-repeatable levels by time:
     D:1: 1111 daAuts
     D:2: 402 daAuts
